 Dungeon Crawl Stone Soup version 0.14-a0-1876-g927fc3a (webtiles) character file.

15129 Mitsuki the Cleaver (level 11, -9/97 (102) HPs)
             Began as a Lava Orc Berserker on Jan 15, 2014.
             Was the Champion of Trog.
             Mangled by a large slime creature (21 damage)
             ... on Level 13 of the Dungeon.
             The game lasted 01:08:16 (10351 turns).

Mitsuki the Cleaver (Lava Orc Berserker)           Turns: 10351, Time: 01:08:16

HP  -9/97 (102)  AC 23     Str 23      XL: 11   Next: 87%
MP  21/21        EV  6     Int  7      God: Trog [******]
Gold 770         SH  0     Dex 10      Spells:  0 memorised, 10 levels left

rFire  + + +     SeeInvis .     u - +4,+10 battleaxe of the Gloaming {freeze, rF+ Str-1}
rCold  . . .     Clarity  .     b - +0 orc plate armour
rNeg   . . .     Conserve .     (no shield)
rPois  +         rCorr    .     A - +0 helmet
rElec  .         rRot     .     C - +1 cloak {rPois}
SustAb . .       Spirit   .     l - +2 pair of elf gloves
rMut   .         Warding  .     L - +0 pair of boots
Gourm  +         Stasis   .     k - amulet of the gourmand
MR     +++..                    q - +4,+5 ring of slaying
                                s - ring of protection from magic

@: regenerating, extremely resistant to hostile enchantments, extremely
unstealthy
A: conserve scrolls, low mp 1, saprovore 1
a: Burn Spellbooks, Berserk, Trog's Hand, Brothers in Arms, Renounce Religion


You were on level 13 of the Dungeon.
You worshipped Trog.
Trog was exalted by your worship.
You were very full.

You visited 1 branch of the dungeon, and saw 13 of its levels.

You collected 770 gold pieces.

Inventory:

Hand weapons
 u - the +4,+10 battleaxe of the Gloaming (weapon) {freeze, rF+ Str-1}
   (Trog gifted it to you on level 8 of the Dungeon)

   It has been specially enchanted to freeze those struck by it, causing extra
   injury to most foes and up to double damage against particularly susceptible
   opponents.
   It can also slow down cold-blooded creatures.
   It affects your strength (-1).
   It protects you from fire.
 F - the +8,+6 glaive of the Shore {chop, rN+ MR++}
   (You found it on level 10 of the Dungeon)

   It inflicts extra damage upon your enemies.
   It protects you from negative energy.
   It affects your resistance to hostile enchantments.
Armour
 b - a +0 orcish plate armour (worn)
 l - a +2 pair of elven gloves (worn)
 A - a +0 helmet (worn)
 C - a +1 cloak of poison resistance (worn)
 L - a +0 pair of boots (worn)
Magical devices
 o - a wand of frost (4)
 z - a wand of fire (6)
 O - a wand of paralysis (14)
Comestibles
 a - a choko
 c - 6 meat rations
 m - 10 strawberries
 v - 12 bread rations
 H - a cheese
 M - a pear
Scrolls
 e - 3 scrolls of enchant weapon II
 g - 8 scrolls of teleportation
 h - 2 scrolls of identify
 i - 4 scrolls of fear
 j - 7 scrolls of remove curse
 t - a scroll of recharging
 N - a scroll of magic mapping
Jewellery
 k - an amulet of the gourmand (around neck)
 n - an uncursed ring of ice
 p - an uncursed ring of positive energy
 q - a +4,+5 ring of slaying (right hand)
 s - a ring of protection from magic (left hand)
 y - an uncursed ring of protection from cold
 E - an uncursed ring of flight
 G - an uncursed amulet of faith
 I - the ring "Docs" {Dex+2 Int+1}
   (You found it on level 12 of the Dungeon)

   [ring of dexterity]

   It affects your dexterity (+2).
   It affects your intelligence (+1).
 P - an uncursed ring of sustenance
Potions
 d - 3 potions of curing
 f - a potion of agility
 r - a potion of might
 J - a potion of brilliance
 Q - 2 potions of speed
Books
 w - a book of Power

   Spells                             Type                      Level
   Iskenderun's Mystic Blast          Conjuration                  4
   Venom Bolt                         Conjuration/Poison           5
   Bolt of Magma                      Conjuration/Fire/Earth       5
   Fulminant Prism                    Conjuration/Hexes            5
   Iron Shot                          Conjuration/Earth            6
   Orb of Destruction                 Conjuration                  7
   Trog disapproves of the use of such an item.
 x - a book of Changes

   Spells                             Type                      Level
   Beastly Appendage                  Transmutation                1
   Sticks to Snakes                   Transmutation                2
   Spider Form                        Transmutation/Poison         3
   Ice Form                           Ice/Transmutation            4
   Blade Hands                        Transmutation                5
   Trog disapproves of the use of such an item.
 B - a book of Necromancy

   Spells                             Type                      Level
   Pain                               Necromancy                   1
   Animate Skeleton                   Necromancy                   1
   Lethal Infusion                    Charms/Necromancy            2
   Vampiric Draining                  Necromancy                   3
   Regeneration                       Charms/Necromancy            3
   Animate Dead                       Necromancy                   4
   Control Undead                     Necromancy                   4
   Trog disapproves of the use of such an item.
 D - a book of Maledictions

   Spells                             Type                      Level
   Corona                             Hexes                        1
   Sure Blade                         Hexes/Charms                 2
   Ensorcelled Hibernation            Hexes/Ice                    2
   Confuse                            Hexes                        3
   Enslavement                        Hexes                        4
   Invisibility                       Hexes                        6
   Trog disapproves of the use of such an item.
Miscellaneous
 K - a disc of storms


   Skills:
 + Level 11.1 Fighting
 + Level 14.2 Axes
 + Level 9.4 Armour
 - Level 1.5 Dodging
 - Level 10.0 Evocations


You had 10 spell levels left.
You didn't know any spells.

Dungeon Overview and Level Annotations

Branches:
Dungeon (13/16)            Temple (0/1) D:4             Orc (0/4) D:11
   Lair (0/8) D:9

Altars:
Ashenzari
Fedhas
Kikubaaqudgha
Okawaru
Sif Muna
Vehumet
Xom

Shops:
D:7 *}:(   D:13 ?


Innate Abilities, Weirdness & Mutations

You have stony skin.
Your flesh is very heat resistant.
Your lava-based spells are more powerful.
Your flesh is vulnerable to cold.
Your heat harms attackers.
You bathe your surroundings in blazing heat.
You are too hot to use scrolls.
You are very good at protecting items from fire.
You can tolerate rotten meat.
Your magical capacity is low (-10% MP).


Message History

You slice the slime creature!! You freeze the slime creature!
The slime creature is heavily wounded.
You slash the large slime creature! You freeze the large slime creature.
The large slime creature is moderately wounded.
You hit the slime creature. You freeze the slime creature.
The slime creature is severely wounded.
The slime creature hits you!
The slime creature hits you but does no damage.
Use which ability? (? or * to list)
Your skin crawls.
You feel resistant to hostile enchantments.
You feel slightly less full.
A large slime creature splits.
The large slime creature hits you but does no damage.
The slime creature hits you. The slime creature hits you!
* * * LOW HITPOINT WARNING * * *
Your stony skin melts.
The slime creature hits you!
* * * LOW HITPOINT WARNING * * *
The large slime creature hits you!
You die...

##...
.####...
..8.8.8.$
#...⌠.⌠..
#.8.∩.8.
#.J⌠.⌠.###
#8.8J8..#
#JJJ.##
##@J(.#
#J.....#
###....#
#....#
#.... #..
#


You could see a very large slime creature, a large slime creature and 5 slime
creatures.

Vanquished Creatures
  The ghost of mopl the Frost Mage, a powerful OpIE of Vehumet (D:12)
  Josephine (D:10)
  2 hill giants (D:10)
  Joseph (D:10)
  Maurice (D:10)
  Psyche (D:10)
  A troll (D:10)
  Grinder (D:3)
  Sonja (D:10)
  A spriggan (D:10)
  A raven (D:10)
  A two-headed ogre (D:9)
  A fire dragon skeleton (D:11)
  18 yaks
  3 wyverns
  A hungry ghost (D:10)
  A steam dragon (D:7)
  9 orc warriors
  A mottled dragon (D:11)
  A necrophage (D:10)
  2 phantoms
  A sky beast (D:7)
  7 ogres
  A black bear (D:12)
  A yellow wasp (D:11)
  4 ice beasts
  3 centaurs
  Sigmund (D:6)
  6 giant frogs
  A troll zombie (D:10)
  17 killer bees
  A yak zombie (D:10)
  A yak skeleton (D:10)
  3 hounds
  12 crimson imps
  3 goliath beetles
  2 jellies (D:8)
  7 orc priests
  3 iguanas
  Crazy Yiuf (D:2)
  A centaur skeleton (D:6)
  4 scorpions
  11 orc wizards
  8 worker ants
  Ijyb (D:3)
  Jessica (D:3)
  A mottled dragon zombie (D:10)
  Terence (D:3)
  3 worker ant zombies
  10 gnolls
  13 adders
  3 giant mites
  3 worms
  An adder zombie (D:9)
  A giant centipede zombie (D:11)
  A scorpion zombie (D:6)
  An adder skeleton (D:9)
  2 giant eyeballs
  A giant centipede simulacrum (D:10)
  5 giant geckos
  3 oozes
  39 orcs
  A bat skeleton (D:6)
  5 giant cockroaches
  21 hobgoblins
  11 jackals
  22 kobolds
  3 quokkas
  A ball python (D:3)
  13 bats
  3 giant newts
  2 giant spores
  16 goblins
  2 hobgoblin skeletons
  A jackal zombie (D:5)
  An orc skeleton (D:10)
  14 rats
  A rat skeleton (D:6)
  A ballistomycete (D:12)
  A butterfly (D:12)
  4 plants (D:3)
362 creatures vanquished.

Notes
Turn   | Place    | Note
--------------------------------------------------------------
     0 | D:1      | Mitsuki, the Lava Orc Berserker, began the quest for the Orb.
     0 | D:1      | Reached XP level 1. HP: 19/19 MP: 1/1
   121 | D:1      | Reached XP level 2. HP: 12/27 MP: 2/2
   127 | D:1      | HP: 1/27 [giant gecko (3)]
   132 | D:1      | Reached skill level 4 in Fighting
   897 | D:1      | Acquired Trog's second power
  1152 | D:2      | Reached XP level 3. HP: 34/34 MP: 3/3
  1234 | D:2      | Found a radiant altar of Vehumet.
  1677 | D:2      | Reached XP level 4. HP: 28/41 MP: 4/4
  1762 | D:2      | Noticed Crazy Yiuf
  1767 | D:2      | Killed Crazy Yiuf
  1767 | D:2      | Reached skill level 5 in Axes
  2113 | D:3      | Reached skill level 5 in Fighting
  2124 | D:3      | Reached XP level 5. HP: 18/48 MP: 5/5
  2160 | D:3      | Noticed Ijyb
  2170 | D:3      | Killed Ijyb
  2219 | D:3      | Noticed Jessica
  2231 | D:3      | Killed Jessica
  2297 | D:3      | Noticed Terence
  2306 | D:3      | Killed Terence
  2432 | D:3      | Reached skill level 6 in Axes
  2651 | D:3      | Reached XP level 6. HP: 39/56 MP: 6/6
  2763 | D:3      | Noticed Grinder
  2781 | D:3      | Killed Grinder
  2781 | D:3      | Reached skill level 7 in Axes
  2965 | D:4      | Found an iron altar of Okawaru.
  3088 | D:4      | Reached XP level 7. HP: 62/62 MP: 7/7
  3133 | D:4      | Paralysed by a giant eyeball for 4 turns
  3703 | D:4      | Acquired Trog's third power
  3740 | D:4      | Found a staircase to the Ecumenical Temple.
  3909 | D:4      | Found a shimmering altar of Xom.
  4233 | D:4      | Reached skill level 5 in Armour
  4271 | D:5      | Entered Level 5 of the Dungeon
  4275 | D:5      | Reached skill level 8 in Axes
  4544 | D:5      | Reached XP level 8. HP: 48/71 MP: 8/8
  4576 | D:5      | Paralysed by a potion of paralysis for 4 turns
  4764 | D:5      | Reached skill level 9 in Axes
  4818 | D:5      | Found a shattered altar of Ashenzari.
  4941 | D:6      | Noticed Sigmund
  4953 | D:6      | Killed Sigmund
  5088 | D:6      | Found a blossoming altar of Fedhas.
  5088 | D:6      | Found an ancient bone altar of Kikubaaqudgha.
  5223 | D:6      | Reached skill level 10 in Axes
  5645 | D:7      | Reached XP level 9. HP: 76/76 MP: 9/9
  5683 | D:7      | Found Pheajeqi's Weapon Emporium.
  5697 | D:7      | Found Enuihap's General Store.
  5810 | D:7      | Paralysed by a giant eyeball for 3 turns
  5851 | D:7      | Found Ecwauq's Gadget Emporium.
  5853 | D:7      | Found Shrasyac's Book Boutique.
  6059 | D:7      | Identified a scroll of acquirement
  6092 | D:8      | Reached skill level 11 in Axes
  6496 | D:8      | Received a gift from Trog
  6497 | D:8      | Got a bone battleaxe {god gift}
  6508 | D:8      | Identified the +4,+10 battleaxe of the Gloaming {freeze, rF+ Str-1} (Trog gifted it to you on level 8 of the Dungeon)
  6883 | D:9      | Found a deep blue altar of Sif Muna.
  6900 | D:9      | Reached skill level 12 in Axes
  7502 | D:9      | Reached XP level 10. HP: 78/87 MP: 10/10
  7512 | D:9      | Found a staircase to the Lair.
  7781 | D:10     | Entered Level 10 of the Dungeon
  7798 | D:10     | Noticed Joseph
  7812 | D:10     | Killed Joseph
  7812 | D:10     | Reached skill level 10 in Fighting
  7872 | D:10     | Noticed Maurice
  7887 | D:10     | Killed Maurice
  7887 | D:10     | Reached skill level 13 in Axes
  7980 | D:10     | Reached skill level 1 in Evocations
  8396 | D:10     | Noticed Josephine
  8406 | D:10     | Killed Josephine
  8406 | D:10     | Reached skill level 5 in Evocations
  8434 | D:10     | Got an encrusted glaive
  8435 | D:10     | Identified the +8,+6 glaive of the Shore {chop, rN+ MR++} (You found it on level 10 of the Dungeon)
  8514 | D:10     | Noticed a hill giant
  8521 | D:10     | Killed a hill giant
  8540 | D:10     | Noticed Psyche
  8541 | D:10     | Noticed Sonja
  8549 | D:10     | Killed Psyche
  8549 | D:10     | Reached XP level 11. HP: 83/95 MP: 21/21
  8551 | D:10     | Killed Sonja
  8767 | D:10     | Noticed a hill giant
  8771 | D:10     | Killed a hill giant
  9141 | D:11     | Received a gift from Trog
  9234 | D:11     | Reached skill level 10 in Evocations
  9508 | D:11     | Found a staircase to the Orcish Mines.
  9809 | D:11     | Gained mutation: Your magical capacity is low (-10% MP). [potion of mutation]
  9809 | D:11     | Gained mutation: Your body is slowly deteriorating. [potion of mutation]
  9809 | D:11     | Lost mutation: Your body is slowly deteriorating. [potion of mutation]
 10079 | D:12     | Received a gift from Trog
 10116 | D:12     | Got a pitted copper ring
 10195 | D:12     | Noticed mopl's ghost (powerful OpIE)
 10206 | D:12     | Killed mopl's ghost
 10206 | D:12     | Reached skill level 14 in Axes
 10214 | D:12     | Identified the ring "Docs" {Dex+2 Int+1} (You found it on level 12 of the Dungeon)
 10342 | D:13     | Found Guong's Magic Scroll Boutique.
 10351 | D:13     | Mangled by a large slime creature

Action                   |  1- 3 |  4- 6 |  7- 9 | 10-12 || total
-------------------------+-------+-------+-------+-------++-------
Melee: Hand axe          |   152 |    30 |       |       ||   182
       War axe           |       |   175 |   342 |       ||   517
       Battleaxe         |       |       |    50 |   263 ||   313
       Unarmed           |       |       |       |     6 ||     6
Invok: Berserk           |     1 |     1 |     1 |       ||     3
       Trog's Hand       |       |     4 |     1 |     2 ||     7
 Abil: Evoke Flight      |       |       |       |     1 ||     1
Evoke: Wand              |       |       |     4 |     3 ||     7
  Use: Scroll            |       |    15 |    11 |    11 ||    37
       Potion            |       |       |     9 |     3 ||    12
 Stab: Confused          |       |       |       |     1 ||     1
